 Dungeon Crawl Stone Soup version 0.27-a0-46-g34d46f0a3f (webtiles) character file.

Game seed: 787594541469571483

79 Borgoz the Ruffian (level 4, -2/38 HPs)
             Began as a Ghoul Gladiator on Jan 6, 2021.
             Killed by divine providence
             ... invoked by an orc priest
              (13 damage)
             ... on level 3 of the Dungeon.
             The game lasted 00:01:57 (2097 turns).

Borgoz the Ruffian (Ghoul Gladiator)                Turns: 2097, Time: 00:01:57

Health: -2/38      AC:  6    Str: 17    XL:     4   Next: 37%
Magic:  3/3        EV: 12    Int:  3    God:
Gold:   147        SH:  0    Dex: 11    Spells: 3/3 levels left

rFire    . . .     SeeInvis .     - Unarmed
rCold    + . .     Faith    .   (no shield)
rNeg     + + +     Spirit   .   i - +0 ring mail
rPois    ∞         Reflect  .   b - +0 helmet
rElec    .         Harm     .   (no cloak)
rCorr    .         Rampage  .   (no gloves)
Will     .....                  (no boots)
Stlth    +.........             (no amulet)
HPRegen  0.00/turn              (no ring)
MPRegen  0.08/turn              (no ring)

@: about to teleport, flying
A: claws 1, cold resistance 1, negative energy resistance 3, inhibited
regeneration, torment resistance, unbreathing
a: no special abilities


You were on level 3 of the Dungeon.
You visited 1 branch of the dungeon, and saw 3 of its levels.

You collected 147 gold pieces.

Inventory:

Missiles
 c - 3 throwing nets (quivered)
Armour
 b - a +0 helmet (worn)
 i - a +0 ring mail (worn)
 j - a cursed +0 pair of boots
Jewellery
 o - a cursed ring of teleportation {unknown}
Scrolls
 a - a scroll of noise {unknown}
 e - 4 scrolls of identify
 f - 2 scrolls of teleportation
 g - a scroll of remove curse
 k - a scroll of fear {unknown}
 m - a scroll of fog {unknown}
 n - a scroll of blinking {unknown}
Potions
 l - a potion of cancellation


   Skills:
 + Level 3.1 Fighting
 - Level 1.7 Throwing
 + Level 1.5 Armour
 + Level 3.2 Dodging
 + Level 3.9 Unarmed Combat


You had 3 spell levels left.
You didn't know any spells.
Your spell library was empty.

Dungeon Overview and Level Annotations

Branches:
Dungeon (3/15)

Altars:


Innate Abilities, Weirdness & Mutations

You thrive by killing the living.
You are immune to poison.
You have sharp fingernails.
Your flesh is cold resistant. (rC+)
You are immune to negative energy. (rN+++)
You do not regenerate when monsters are visible.
You are immune to unholy pain and torment.
You can survive without breathing.


Message History

You are too injured to fight recklessly!
It was a potion of cancellation.
You feel magically purged. The dart slug barely misses you.
The iguana closely misses you. The orc closely misses you.
It was a potion of curing.
You feel better. The orc misses you. The dart slug bites you.
* * * LOW HITPOINT WARNING * * *
It was a potion of flight.
You feel very buoyant.
You fly up into the air.
The orc hits you but does no damage.
Okay, then.
As you read the scroll labelled DIMIER PURGH, it crumbles to dust.
You feel strangely unstable.
It was a scroll of teleportation.
The orc hits you but does no damage.
As you read the scroll labelled HIEREIGIUR, it crumbles to dust.
It is a scroll of identify.
g - a scroll of remove curse The orc priest mumbles some strange prayers to Beogh against you.
Beogh smites you!
You die...

.#........#.#####
.#..............#
##...........##.###########
#........#...............#
####..##...##.............#
.....###...##.............#
##.(.......##...........[.#
#..#.###......####........#
................@ooo....#
...........########......#
..########## ..###### ###
.### .. .. ... ###


You could see an orc priest and 2 orcs.

Vanquished Creatures
  An adder (D:2)
  5 worms
  2 dart slugs (D:2)
  5 bats
  2 giant cockroaches
  2 goblins (D:1)
  7 hobgoblins
  7 jackals
  A quokka (D:2)
  5 frilled lizards
  8 kobolds
  3 rats
48 creatures vanquished.

Notes
Turn   | Place    | Note
-------+----------+-------------------------------------------
     0 | D:1      | Borgoz the Ghoul Gladiator began the quest for the Orb.
     0 | D:1      | Reached XP level 1. HP: 17/17 MP: 0/0
    75 | D:1      | Reached XP level 2. HP: 16/25 MP: 1/1
   811 | D:1      | Reached XP level 3. HP: 30/30 MP: 2/2
   938 | D:2      | Reached skill level 1 in Armour
  1457 | D:2      | Reached XP level 4. HP: 38/38 MP: 3/3
  2097 | D:3      | Killed from afar by an orc priest

Illustrated notes

Levels and vault maps discovered:
D:1:      sevenhm_arrival_forest_fort_small_3, layout_loops_ring,
          grunt_decor_arrowhead
D:2:      layout_basic
D:3:      layout_rooms, marbit_many_paths, zin_statuary,
          nicolae_overflow_hidden_temple, fiery_altar_vehumet,
          amethyst_overflow_temple_binary

Skill      XL: |  1  2  3 |
---------------+----------+-----
Dodging        | 3 |  3.2
Armour         | 1 |  1.5
Fighting       | 3 |  3.1
Throwing       | |  1.7
Unarmed Combat | |  3.9

Action                   |  1- 3 |  4- 6 || total
-------------------------+-------+-------++-------
Melee: Unarmed           |   131 |    39 ||   170
       Punch             |     2 |     1 ||     3
  Use: Potion            |       |     3 ||     3
       Scroll            |       |     2 ||     2
Armor: Leather armour    |    20 |       ||    20
       Ring mail         |    21 |    10 ||    31
Dodge: Dodged            |    81 |    20 ||   101

Table legend: (Time is in decaauts)
 A = Elapsed time spent in this place.
 B = Non-inter-level travel time spent in this place.
 C = Inter-level travel time spent in this place.
 D = Time resting spent in this place.
 E = Time spent auto-exploring this place.
 F = Levels seen in this place.
 G = Mean time per level.
                   A        B        C        D        E       F      G
               +--------+--------+--------+--------+--------+-----+--------+
         Total |   2084 |   1996 |     88 |    197 |   1469 |   3 |  694.7 |
       Dungeon |   2084 |   1996 |     88 |    197 |   1469 |   3 |  694.7 |
               +--------+--------+--------+--------+--------+-----+--------+

Top non-repeatable levels by time:
     D:2: 1066 daAuts
     D:1: 891 daAuts
     D:3: 126 daAuts
